 Dungeon Crawl Stone Soup version 0.31-a0-233-g139696dc86 (webtiles) character file.

Game seed: 13168665722798347952

203 qw the Shooter (level 5, 0/32 HPs)
             Began as a Gargoyle Hexslinger on July 7, 2023.
             Slain by a wight
             ... wielding a +4 morningstar of freezing
              (6 damage)
             ... in a sewer.
             The game lasted 00:01:05 (2185 turns).

qw the Shooter (Gargoyle Hexslinger)                Turns: 2185, Time: 00:01:05

Health: 0/32       AC:  9    Str: 11    XL:     5   Next: 81%
Magic:  6/6        EV: 10    Int: 12    God:
Gold:   152        SH:  0    Dex: 14    Spells: 5/6 levels left

rFire   . . .        Y - +2 sling (flame)
rCold   + . .        (no shield)
rNeg    + . .        d - +0 ring mail
rPois   inf          (no helmet)
rElec   +            (no cloak)
rCorr   .            (no gloves)
SInv    .            (no boots)
Will    .....        (no amulet)
Stlth   +            (no ring)
HPRegen 0.25/turn    (no ring)
MPRegen 0.10/turn

%: no passive effects
@: no status effects
A: sickness immunity, AC +4, negative energy resistance 1, electricity
resistance, torment resistance 1, petrification resistance, cold resistance 1,
dopey 1
a: no special abilities


You were in a sewer.
You visited 1 branch of the dungeon, and saw 3 of its levels.
You also visited: Sewer.

You collected 152 gold pieces.


Innate Abilities, Weirdness & Mutations

You are immune to sickness and miasma.
Your stone body is resilient. (AC +4)
You are immune to poison.
You resist negative energy. (rN+)
You are resistant to electric shocks. (rElec)
You are resistant to unholy torment.
You are immune to petrification.
Your flesh is cold resistant. (rC+)
You are dopey. (Int -2)


   Skills:
 + Level 2.9 Fighting
 - Level 5.0 Ranged Weapons
 - Level 1.3 Armour
 - Level 1.5 Dodging
 - Level 1.0 Spellcasting
 - Level 2.6 Hexes


You had 5 spell levels left.
You knew the following spells:

 Your Spells              Type           Power      Damage    Failure   Level
a - Slow                  Hex            28%        N/A       24%         1

Your spell library contained the following spells:

 Spells                   Type           Power      Damage    Failure   Level
 Inner Flame              Hex/Fire       3%         N/A       77%         3
 Portal Projectile        Hex/Tloc       6%         N/A       77%         3
 Cause Fear               Hex            3%         N/A       93%         4

Inventory:

Hand Weapons
 Y - a +2 sling of flaming (weapon)
Armour
 d - a +0 ring mail (worn)
Scrolls
 h - a scroll of identify
Potions
 c - a potion of might {unknown}
 e - a potion of heal wounds {unknown}
 g - a potion of mutation
 k - a potion of brilliance {unknown}

Dungeon Overview and Level Annotations

Branches:
Dungeon (3/15)              Sewer (1/1)

Altars:


Message History

The sling bullet hits the kobold!
The sling bullet burns the kobold.
You kill the kobold!
You hear a shout!
A giant cockroach comes into view.
You shoot a sling bullet. The sling bullet hits the kobold.
The sling bullet burns the kobold.
You kill the kobold!
A wight comes into view. It is wielding a +0 trident.
You shoot a sling bullet. The sling bullet hits the kobold.
The sling bullet burns the kobold.
You kill the kobold!
You shoot a sling bullet. The sling bullet hits the wight.
The sling bullet burns the wight.
The wight is moderately damaged.
The wight hits you with a +4 morningstar of freezing!
The wight freezes you.
You shoot a sling bullet.
The sling bullet barely misses the wight.
The sling bullet hits the kobold!
The sling bullet burns the kobold.
You kill the kobold!
A bat comes into view.
An ufetubus comes into view.
The wight hits you with a +4 morningstar of freezing!
The wight freezes you.
You shoot a sling bullet.
The sling bullet closely misses the wight.
The ufetubus shouts!
The sling bullet hits the kobold zombie.
The sling bullet burns the kobold zombie.
The kobold zombie is severely damaged.
The wight hits you with a +4 morningstar of freezing.
You shoot a sling bullet.
The sling bullet hits the wight but does no damage.
The wight is moderately damaged.
The wight misses you.
You shoot a sling bullet.
The sling bullet hits the wight but does no damage.
The wight is moderately damaged.
The wight barely misses you.
The wight hits you with a +4 morningstar of freezing.
You die... ..'. }.'. )..' zZ.

Z5#
#############B####
#~~~#~~~~~~#zK.#~~~
#~~.~.~~~~~@....~~~
#.).)))#...#...
#'#######~#######+#
#......#~~~#......#
#~~.~..#~~~#..~~~~#
#~~~~....~.).)~~~~#
#~~~~~~#..)#~~~~~~#
#~~~~~~~...#~~~~~~#
#~~~~~~#...#~~~~~~#


You could see 2 wights, an ufetubus, a giant cockroach zombie, a kobold zombie,
a giant cockroach and a kobold.

Vanquished Creatures
  Ijyb (D:3)
  5 gnolls
  2 adders
  A shadow imp (Sewer)
  2 ufetubi (Sewer)
  2 worms (D:2)
  2 dart slugs (D:3)
  8 ball pythons
  7 endoplasms
  6 giant cockroaches
  7 goblins
  5 hobgoblins
  3 jackals (D:1)
  A quokka (D:3)
  5 bats
  7 frilled lizards
  17 kobolds
  2 kobold zombies (Sewer)
  3 rats
86 creatures vanquished.

Notes
Turn   | Place    | Note
-------+----------+-------------------------------------------
     0 | D:1      | qw the Gargoyle Hexslinger began the quest for the Orb.
     0 | D:1      | Reached XP level 1. HP: 12/12 MP: 2/2
     0 | D:1      | 0 ||| qw: Version: 0.3-a-46-gb1f654a
     0 | D:1      | 0 ||| qw: Game counter: 3000
     0 | D:1      | 0 ||| qw: Melee chars always use a shield: true
     0 | D:1      | 0 ||| qw: God list: Okawaru
     0 | D:1      | 0 ||| qw: Allow faded altars: false
     0 | D:1      | 0 ||| qw: Do Orc after clearing Dungeon:15 true
     0 | D:1      | 0 ||| qw: Do second Lair branch before Depths: true
     0 | D:1      | 0 ||| qw: Lair rune preference: random
     0 | D:1      | 0 ||| qw: Goals: Normal
     0 | D:1      | 0 ||| PLANNING D:1-11
    43 | D:1      | Reached XP level 2. HP: 16/16 MP: 3/3
   167 | D:1      | Reached skill level 3 in Ranged Weapons
   265 | D:1      | Reached XP level 3. HP: 21/21 MP: 4/4
   363 | D:1      | 363 ||| FLEEEEING.
   700 | D:1      | 700 ||| UPGRADING to +0 ring mail.
   710 | D:1      | 710 ||| DROPPING +0 robe.
   711 | D:1      | 711 ||| READING scroll labelled ESKOHEKH ELUC.
   712 | D:1      | 712 ||| READING scroll labelled UPIUCZAABAS.
   713 | D:1      | 713 ||| READING 2 scrolls labelled GEPONABI FOHYU.
   714 | D:1      | 714 ||| READING scroll labelled ASTISHRA FEDWIVO.
   715 | D:1      | 715 ||| DROPPING scroll of poison.
   786 | D:2      | Found a faded altar of an unknown god.
  1013 | D:2      | Reached XP level 4. HP: 26/26 MP: 5/5
  1123 | D:2      | Reached skill level 4 in Ranged Weapons
  1628 | D:2      | 1628 ||| DROPPING ring of wizardry.
  1629 | D:2      | 1629 ||| READING scroll labelled OFAHEWN NOHUYC.
  1630 | D:2      | 1630 ||| READING scroll labelled IDI MAYPEJUM.
  1631 | D:2      | 1631 ||| DRINKING 2 emerald potions.
  1659 | D:2      | 1659 ||| DROPPING potion of lignification.
  1696 | D:3      | 1696 ||| PLANNING SEWER
  1729 | D:3      | Reached skill level 1 in Armour
  1855 | D:3      | Reached XP level 5. HP: 30/30 MP: 6/6
  1906 | D:3      | Identified the +10 plate armour of Jupian {Rampage +Blink
                  | rElec}
  1950 | D:3      | Noticed Ijyb
  1983 | D:3      | Killed Ijyb
  1986 | D:3      | 1986 ||| Stepping ~*~*~tactically~*~*~ (outnumbered).
  2004 | D:3      | Reached skill level 5 in Ranged Weapons
  2043 | D:3      | Found a glowing drain.
  2044 | D:3      | 2044 ||| READING scroll labelled EWKUROUPRA.
  2045 | D:3      | 2045 ||| READING scroll labelled ITRANTUNENN.
  2046 | D:3      | 2046 ||| READING scroll labelled COULOOKIFE.
  2047 | D:3      | 2047 ||| DRINKING 2 yellow potions.
  2047 | D:3      | Gained mutation: You are dopey. (Int -2) [potion of
                  | mutation]
  2047 | D:3      | Gained mutation: Your flesh is cold resistant. (rC+)
                  | [potion of mutation]
  2050 | D:3      | 2050 ||| Stepping ~*~*~tactically~*~*~ (water).
  2064 | Sewer    | Entered a sewer
  2182 | Sewer    | HP: 6/32 [wight/+4 morningstar of freezing (3)]
  2185 | Sewer    | Slain by a wight

Levels and vault maps discovered:
D:1:      dpeg_arrival_shelter, layout_loops_ring
D:2:      layout_loops_corners, ebering_ecumenical_altar_webs
D:3:      cheibrodos_greedy_goblins, layout_basic, portal_sewer_entry_f,
          minmay_crystal_room, uniq_ijyb
Sewer:    kennysheep_sewer_church

Skill      XL: |  1  2  3  4  5 |
---------------+----------------+-----
Ranged Weapons | 3 4 5 |  5.0
Fighting       | 2 |  2.9
Armour         | 1 |  1.3
Dodging        | |  1.5
Spellcasting   | |  1.0
Hexes          | |  2.6

Action                     |  1- 3 |  4- 6 || total
---------------------------+-------+-------++-------
   Fire: Sling             |   103 |   177 ||   280
    Use: Scroll            |     4 |     5 ||     9
         Potion            |       |     2 ||     2
 Armour: Robe              |     8 |       ||     8
         Ring mail         |     5 |    54 ||    59
  Dodge: Dodged            |    31 |    66 ||    97

Table legend:
 A = Non-vault XP
 B = Vault XP
 C = Vault XP percentage of total XP
 D = Non-vault monster count
 E = Vault monster count
 F = Vault count percentage of total count
                 A         B        C        D         E       F
            +---------+---------+-------+---------+---------+-------
      Total |     187 |     103 |  35.5 |      57 |      29 |  33.7
            +---------+---------+-------+---------+---------+-------
        D:1 |      51 |       0 |   0.0 |      24 |       0 |   0.0
        D:2 |      54 |       0 |   0.0 |      22 |       0 |   0.0
        D:3 |      82 |      47 |  36.4 |      11 |       7 |  38.9
      Sewer |       0 |      56 | 100.0 |       0 |      22 | 100.0
            +---------+---------+-------+---------+---------+-------
